General information
- name: BNet
- type: Ladder team game (AT/RT)
- host: Battle.net
- saver: BEAR_AND
map: ExcavationSite
- players: 4
- length: 09:06
- speed: Fast
- version: 1.26 W3XP
- replay type:

» download(48 KB)
Players
team 1 (winner)
BEAR_AND (
pink | 111 APM | 1011 actions | 09:06)
3 Archmage
2 Blizzard
1 Brilliance Aura
1 Mountain King
1 Storm Bolt
» actions
| Assign group hotkey | 7 | |
| Basic commands | 1 | |
| Build / train | 52 | |
| ESC pressed | 2 | |
| Enter build submenu | 22 | |
| Enter hero's abilities submenu | 4 | |
| Give item / drop item | 3 | |
| Right click | 618 | |
| Select / deselect | 154 | |
| Select group hotkey | 82 | |
| Use ability | 66 | |
1011 total
» units
» upgrades
| Masonry | 3 | |
| Lumber Harvesting | 1 | |
4 total
» buildings
| Altar of Kings | 1 | |
| Farm | 4 | |
| Lumber Mill | 1 | |
| Arcane Vault | 1 | |
| Scout Tower | 18 | |
| Arcane Tower | 1 | |
| Guard Tower | 10 | |
| Keep | 3 | |
| Castle | 1 | |
40 total
» build order
00:08 Altar of Kings
00:20 Farm
00:29 Farm
00:36 Lumber Mill
01:27 Arcane Vault
01:48 Scout Tower
01:48 Scout Tower
02:30 Arcane Tower
02:36 Scout Tower
02:36 Scout Tower
02:38 Scout Tower
02:40 Scout Tower
02:41 Scout Tower
02:45 Guard Tower
02:47 Farm
03:15 Guard Tower
03:30 Guard Tower
03:51 Guard Tower
04:15 Keep
04:15 Keep
04:49 Scout Tower
04:50 Scout Tower
04:51 Scout Tower
04:52 Scout Tower
04:53 Scout Tower
05:20 Guard Tower
05:45 Farm
05:54 Guard Tower
06:15 Guard Tower
06:49 Guard Tower
07:36 Castle
07:38 Guard Tower
08:38 Scout Tower
08:39 Scout Tower
08:39 Scout Tower
08:40 Scout Tower
08:41 Scout Tower
08:41 Scout Tower
» items
| Scroll of Regeneration | 1 | |
| Boots of Speed | 1 | |
| Staff of Teleportation | 1 | |
| Healing Salve | 2 | |
| Lesser Clarity Potion | 1 | |
6 total
Jade (
yellow | 67 APM | 606 actions | 09:05)
1 Blademaster
1 Wind Walk
» actions
| Assign group hotkey | 8 | |
| Basic commands | 1 | |
| Build / train | 22 | |
| Enter build submenu | 20 | |
| Enter hero's abilities submenu | 1 | |
| Right click | 402 | |
| Select / deselect | 87 | |
| Select group hotkey | 18 | |
| Use ability | 47 | |
606 total
» units
» upgrades
» buildings
| Altar of Storms | 1 | |
| Orc Burrow | 1 | |
| War Mill | 1 | |
| Voodoo Lounge | 5 | |
| Watch Tower | 13 | |
| Stronghold | 1 | |
| Fortress | 1 | |
23 total
» build order
00:09 Altar of Storms
00:16 Orc Burrow
00:52 War Mill
01:09 Voodoo Lounge
02:17 Watch Tower
02:31 Watch Tower
02:43 Watch Tower
02:54 Watch Tower
03:44 Watch Tower
03:47 Watch Tower
04:42 Voodoo Lounge
04:51 Voodoo Lounge
04:56 Voodoo Lounge
04:58 Voodoo Lounge
05:05 Stronghold
05:07 Watch Tower
05:13 Watch Tower
05:32 Watch Tower
06:20 Watch Tower
07:46 Fortress
08:00 Watch Tower
08:04 Watch Tower
08:08 Watch Tower
» items
| Healing Salve | 2 | |
| Lesser Clarity Potion | 3 | |
| Scroll of Speed | 1 | |
6 total
team 2 (loser)

»
The_Alch3mist (
teal | 71 APM | 649 actions | 09:04)
2 Keeper of the Grove
1 Entangling Roots
1 Thorns Aura
» actions
| Assign group hotkey | 20 | |
| Build / train | 36 | |
| Enter build submenu | 12 | |
| Enter hero's abilities submenu | 2 | |
| Remove unit from queue | 1 | |
| Right click | 296 | |
| Select / deselect | 118 | |
| Select group hotkey | 143 | |
| Use ability | 21 | |
649 total
» units
» upgrades
| Strength of the Moon | 1 | |
| Moon Armor | 1 | |
| Improved Bows | 1 | |
3 total
» buildings
| Altar of Elders | 1 | |
| Moon Well | 3 | |
| Ancient of War | 2 | |
| Ancient of Wonders | 1 | |
| Hunter's Hall | 1 | |
| Tree of Ages | 1 | |
| Ancient Protector | 3 | |
12 total
» build order
00:07 Altar of Elders
00:12 Moon Well
00:34 Ancient of War
01:31 Moon Well
02:32 Ancient of War
02:57 Ancient of Wonders
03:30 Moon Well
03:54 Hunter's Hall
06:13 Tree of Ages
06:34 Ancient Protector
06:38 Ancient Protector
06:49 Ancient Protector
» items
| Dust of Appearance | 1 | |
| Lesser Clarity Potion | 1 | |
2 total

»
thisguydeon (
purple | 76 APM | 684 actions | 09:03)
2 Blademaster
1 Critical Strike
1 Wind Walk
» actions
| Assign group hotkey | 16 | |
| Basic commands | 21 | |
| Build / train | 21 | |
| ESC pressed | 2 | |
| Enter build submenu | 13 | |
| Enter hero's abilities submenu | 2 | |
| Remove unit from queue | 1 | |
| Right click | 425 | |
| Select / deselect | 99 | |
| Select group hotkey | 66 | |
| Use ability | 18 | |
684 total
» units
» upgrades
| Armor | 1 | |
| Pillage | 1 | |
| Ranged Weapons | 1 | |
3 total
» buildings
| Altar of Storms | 1 | |
| Orc Burrow | 4 | |
| Barracks | 2 | |
| War Mill | 1 | |
| Watch Tower | 4 | |
| Stronghold | 1 | |
13 total
» build order
00:07 Altar of Storms
00:11 Orc Burrow
00:14 Barracks
02:02 War Mill
02:54 Orc Burrow
02:59 Barracks
04:02 Orc Burrow
04:13 Watch Tower
04:55 Watch Tower
05:14 Watch Tower
06:22 Orc Burrow
06:26 Watch Tower
07:47 Stronghold
Chat log
(00:03 / Allies) BEAR_AND: shit map
(00:11 / Allies) BEAR_AND: oh well lets tower
(00:21 / Allies) Jade: sounds good
(01:04 / Allies) BEAR_AND: what were they
(01:13 / Allies) Jade: 2x random
(01:16 / Allies) BEAR_AND: scouten
(01:28 / Allies) Jade: we already kno where they are
(01:31 / Allies) BEAR_AND: yes
(01:33 / Allies) BEAR_AND: for races
(01:57 / Allies) Jade: that was an epic jok3
(02:00 / All) BEAR_AND: ha
(02:04 / All) BEAR_AND: from?
(02:11 / Allies) BEAR_AND: elf bad
(02:12 / All) thisguydeon: ny homeboy
(02:14 / All) thisguydeon: whats good with youy
(02:21 / All) Jade: the bronx dog
(02:28 / All) thisguydeon: where in the bronx
(02:28 / Allies) BEAR_AND: tangled peasant
(02:30 / Allies) BEAR_AND: lol
(02:33 / All) thisguydeon: lets get fucked up tonight
(02:36 / All) Jade: co-op city
(02:56 / Allies) BEAR_AND: can i get an orc shop here at some point
(03:00 / Allies) Jade: yeah
(03:20 / Allies) Jade: double rx
(03:25 / Allies) BEAR_AND: cute
(04:06 / Allies) Jade: co op city is in the bronx right
(04:11 / Allies) BEAR_AND: idk
(04:29 / Allies) BEAR_AND: hoho
(04:31 / Allies) BEAR_AND: this might be good
(06:00 / Allies) BEAR_AND: hahaha
(06:03 / All) BEAR_AND: hey guys this your first game?
(06:07 / All) BEAR_AND: want some tip
(06:51 / Allies) Jade: could have sword there was fountains on this map
(06:56 / Allies) BEAR_AND: thinking of murgul oasis
(07:02 / Allies) BEAR_AND: 4s map same tileset
(07:12 / All) BEAR_AND: lol
(07:16 / All) BEAR_AND: towers
(07:23 / All) BEAR_AND: care pls
(07:24 / All) thisguydeon: so fucking gay
(07:26 / All) BEAR_AND: bye
(08:01 / Allies) BEAR_AND: hmmmm what are mine creeps
(08:57 / All) BEAR_AND: LOL
(09:00 / Allies) BEAR_AND: did u see